Senators vs Gangsters
Created - January 15, 2018 at 19:56
Goals
|
Senators |
2 |
1 |
2 |
5 |
Gangsters |
0 |
1 |
2 |
3 |
|
Shots
|
Senators |
7 |
12 |
13 |
32 |
Gangsters |
5 |
17 |
8 |
30 |
|
1st period
1. Senators , Stephane Da Costa 28 (Gabriel Landeskog 22, Shane Sims 13) at 5:31
2. Senators , Gabriel Bourque 19 (Nicolas Deslauriers 16) at 18:18
Penalties :
Matt Frattin (BIN) for Diving (Minor) at 3:09, Keegan Lowe (BIN) for Roughing (Double Minor) at 6:36
2nd period
3. Gangsters , Chris Bourque 32 (Colten Teubert 11, Maxime Sauvé 31) at 1:31
4. Senators , Patrick Bordeleau 10 (Shane Prince 6) at 10:15
Penalties :
Chris Thorburn (BIN) for Holding (Minor) at 1:39, Patrik Nemeth (Bro) for Holding (Minor) at 15:12, Gabriel Bourque (BIN) for Holding (Minor) at 17:54
3rd period
5. Senators , Tommy Wingels 12 (Matt Frattin 16, Gabriel Bourque 25) at 2:02
6. Gangsters , Chris Bourque 33 (Maxime Sauvé 32) at 2:19
7. Gangsters , Devante Smith-Pelly 11 (Dave Dziurzynski 6, Michael Sdao 5) at 14:45
8. Senators , Patrick Bordeleau 11 (Nicolas Deslauriers 17) at 19:32 (Empty Net)
Penalties :
Maxime Sauvé (Bro) for Holding (Minor) at 2:31, Seth Griffith (Bro) for Roughing (Minor) at 5:50, Richard Panik (Bro) for Charging (Minor) at 11:52, Matt Delahey (Bro) for Hooking (Minor) at 17:09
Goalie Stats
Brad Thiessen (BIN), 27 saves from 30 shots - (0.900), W, 20-9-1, 60:00 minutes
Mike Condon (Bro), 27 saves from 31 shots - (0.871), L, 4-11-0, 59:54 minutes
Players Stats for Senators
Player Name G A P +/- PIM S H SB GA TA FO MP PP MP PK MP
------------------------------------------------------------------------------------
Chandler Stephenson 0 0 0 1 0 0 0 0 0 0 0/0 0:44 0:01 0:10
Chris Thorburn 0 0 0 -1 2 2 0 0 0 0 1/2 20:39 5:24 2:33
Dylan Blujus 0 0 0 0 0 0 1 1 0 0 0/0 9:20 0:00 0:32
Freddie Hamilton 0 0 0 0 0 0 0 0 0 0 0/0 0:00 0:00 0:00
Gabriel Bourque 1 1 2 1 2 7 1 1 1 0 0/0 17:55 4:30 2:55
Gabriel Landeskog 0 1 1 0 0 2 0 1 1 0 0/1 23:48 5:24 5:24
Jeff Petry 0 0 0 2 0 0 1 0 0 1 0/0 21:07 3:26 4:00
Keegan Lowe 0 0 0 0 4 0 1 0 0 0 0/0 8:47 0:00 0:00
Marc-André Bernier 0 0 0 1 0 2 1 0 0 0 0/1 10:20 0:00 0:00
Matt Frattin 0 1 1 2 2 1 0 1 0 0 0/0 15:17 4:30 0:00
Nicolas Deslauriers 0 2 2 2 0 1 1 4 1 1 0/0 21:07 3:26 4:00
Patrick Bordeleau 2 0 2 2 0 5 1 0 1 0 1/1 12:40 0:00 1:59
Patrick Wey 0 0 0 0 0 2 5 2 0 1 0/0 29:33 6:29 5:24
Phil Di Giuseppe 0 0 0 1 0 0 0 0 0 0 0/0 0:34 0:01 0:00
Ryan Dzingel 0 0 0 -1 0 0 0 0 0 0 0/0 6:54 0:00 1:09
Shane Prince 0 1 1 1 0 0 0 0 0 0 5/9 10:20 0:00 0:00
Shane Sims 0 1 1 0 0 3 1 2 0 2 0/0 29:33 6:29 5:24
Stephane Da Costa 1 0 1 0 0 2 3 1 1 0 14/33 23:47 5:24 5:23
Tomas Jurco 0 0 0 -1 0 2 1 1 0 0 1/1 6:04 0:01 0:00
Tommy Wingels 1 0 1 1 0 3 2 1 0 0 7/16 14:55 4:30 0:00
Zemgus Girgensons 0 0 0 -1 0 0 1 0 0 0 1/3 6:36 0:00 0:51
Players Stats for Gangsters
Player Name G A P +/- PIM S H SB GA TA FO MP PP MP PK MP
------------------------------------------------------------------------------------
Austen Brassard 0 0 0 0 0 0 0 0 0 0 0/0 0:00 0:00 0:00
Brendan Woods 0 0 0 -1 0 3 0 0 0 0 0/2 9:14 0:12 2:34
Brett Ponich 0 0 0 0 0 0 0 0 0 0 0/0 0:49 0:30 0:00
Chris Bourque 2 0 2 0 0 7 4 2 2 1 8/12 23:51 5:00 5:48
Colten Teubert 0 1 1 0 0 3 1 0 0 2 0/0 28:35 5:10 6:05
Dave Dziurzynski 0 1 1 -1 0 3 1 0 0 0 0/0 11:31 0:45 0:00
Derrick Pouliot 0 0 0 0 0 0 2 2 0 0 0/0 28:35 5:10 6:05
Devante Smith-Pelly 1 0 1 -1 0 1 1 1 0 0 1/1 11:24 0:48 0:00
Gustav Nyquist 0 0 0 0 0 0 0 0 0 0 0/0 0:00 0:00 0:00
Jonas Brodin 0 0 0 0 0 0 0 0 0 0 0/0 0:00 0:00 0:00
Kevin Roy 0 0 0 -1 0 1 0 1 0 0 1/3 6:28 0:00 0:00
Magnus Paajarvi-Svensson 0 0 0 -1 0 2 1 0 2 0 1/1 16:05 4:08 1:06
Matt Delahey 0 0 0 -1 2 1 0 0 0 0 0/0 20:11 4:16 3:05
Maxime Sauvé 0 2 2 0 2 2 1 0 0 0 15/24 19:40 5:00 2:05
Michael Sdao 0 1 1 0 0 0 0 0 0 1 0/0 9:53 0:30 0:00
Morgan Ellis 0 0 0 -1 0 0 1 1 0 0 0/0 11:20 0:00 1:39
Patrik Nemeth 0 0 0 -2 2 0 0 0 1 0 0/0 20:24 4:16 2:56
Phillip Danault 0 0 0 0 0 1 2 0 0 0 4/10 13:45 3:59 0:00
Richard Panik 0 0 0 0 2 3 1 0 0 0 0/1 16:52 4:08 2:04
Ryan Culkin 0 0 0 0 0 0 0 0 0 0 0/0 0:13 0:00 0:00
Sebastian Collberg 0 0 0 1 0 1 1 0 0 1 1/2 22:38 4:44 5:44
Seth Griffith 0 0 0 -1 2 1 1 0 0 0 6/11 11:13 0:00 0:29
Stefan Noesen 0 0 0 -1 0 1 1 0 0 0 0/0 7:19 1:04 0:00
3 Stars
1 - Patrick Bordeleau (BIN)
2 - Chris Bourque (Bro)
3 - Nicolas Deslauriers (BIN)
Power Play
Senators - 0 on 5 Attempt(s) - 0.00%
Gangsters - 0 on 5 Attempt(s) - 0.00%
Penalty Kill
Senators - 5 on 5 Attempt(s) - 100.00%
- Score 0 goal in Penalty Kill
Gangsters - 5 on 5 Attempt(s) - 100.00%
- Score 0 goal in Penalty Kill
Team Stat
Senators - Hits : 20 - Faceoff Wins : 30 - Blocked Shots : 15 - Penalty Minutes : 10
Gangsters - Hits : 18 - Faceoff Wins : 37 - Blocked Shots : 7 - Penalty Minutes : 10
Official
Referees : Ciamaga Chris and Pochmara Brian
Linesman : Brian Mach and Lyle Seitz
Game Notes
Patrick Bordeleau has scored in a empty net!
Finance
Level 1 -- Attendance: 1506 (75.30%) -- Ticket Income $60,240
Level 2 -- Attendance: 707 (70.70%) -- Ticket Income $14,140
Total Attendance: 2213 (73.77%)
Total Ticket Income: $74,380
Other Income: $3,719
Total Income: $78,099
Senators
5 vs 5 Forward
Center Left Wing Right Wing Time % Phy DF OF
1 Stephane Da Costa Gabriel Landeskog Chris Thorburn 40 1 2 2
2 Tommy Wingels Gabriel Bourque Matt Frattin 30 1 2 2
3 Shane Prince Patrick Bordeleau Marc-André Bernier 20 1 2 2
4 Zemgus Girgensons Ryan Dzingel Tomas Jurco 10 1 2 2
5 vs 5 Defense
Defense Defense Time % Phy DF OF
1 Patrick Wey Shane Sims 40 1 2 2
2 Jeff Petry Nicolas Deslauriers 30 1 2 2
3 Dylan Blujus Keegan Lowe 20 1 2 2
4 Patrick Wey Shane Sims 10 1 2 2
PowerPlay Forward
Center Left Wing Right Wing Time % Phy DF OF
1 Stephane Da Costa Gabriel Landeskog Chris Thorburn 60 1 2 2
2 Tommy Wingels Gabriel Bourque Matt Frattin 40 1 2 2
PowerPlay Defense
Defense Defense Time % Phy DF OF
1 Patrick Wey Shane Sims 60 1 2 2
2 Jeff Petry Nicolas Deslauriers 40 1 2 2
Penalty Kill 4 Players Forward
Center Wing Time % Phy DF OF
1 Stephane Da Costa Gabriel Landeskog 60 1 2 2
2 Chris Thorburn Gabriel Bourque 40 1 2 2
Penalty Kill 4 Players Defense
Defense Defense Time % Phy DF OF
1 Patrick Wey Shane Sims 60 1 2 2
2 Jeff Petry Nicolas Deslauriers 40 1 2 2
Penalty Kill - 3 Players Forward
Forward Time % Phy DF OF
1 Stephane Da Costa 60 1 2 2
2 Gabriel Landeskog 40 1 2 2
Penalty Kill - 3 Players Defense
Defense Defense Time % Phy DF OF
1 Patrick Wey Shane Sims 60 1 2 2
2 Jeff Petry Nicolas Deslauriers 40 1 2 2
4 vs 4 Forward
Center Wing Time % Phy DF OF
1 Stephane Da Costa Gabriel Landeskog 60 1 2 2
2 Chris Thorburn Gabriel Bourque 40 1 2 2
4 vs 4 Defense
Defense Defense Time % Phy DF OF
1 Patrick Wey Shane Sims 60 1 2 2
2 Jeff Petry Nicolas Deslauriers 40 1 2 2
Last Minutes Offensive
Center Left Wing Right Wing Defense Defense
Stephane Da Costa Gabriel Landeskog Chris Thorburn Patrick Wey Shane Sims
Last Minutes Defensive
Center Left Wing Right Wing Defense Defense
Stephane Da Costa Gabriel Landeskog Chris Thorburn Patrick Wey Shane Sims
Goaltenders
Starting : Brad Thiessen
Backup : Ben Bishop
Extra Forwards
Normal : Phil Di Giuseppe, Chandler Stephenson, Patrick Bordeleau - PP : Phil Di Giuseppe, Chandler Stephenson - PK : Patrick Bordeleau
Extra Defensemen
Normal : Dylan Blujus, Keegan Lowe, Jeff Petry - PP : Dylan Blujus - PK : Keegan Lowe, Jeff Petry
Penalty Shots
Stephane Da Costa, Gabriel Landeskog, Chris Thorburn, Gabriel Bourque, Tommy Wingels
Scratches
Logan Stephenson (Healthy), Matt Tomkins (Healthy)
Gangsters
5 vs 5 Forward
Center Left Wing Right Wing Time % Phy DF OF
1 Maxime Sauvé Chris Bourque Sebastian Collberg 40 1 2 2
2 Phillip Danault Magnus Paajarvi-Svensson Richard Panik 30 1 2 2
3 Seth Griffith Dave Dziurzynski Devante Smith-Pelly 20 1 2 2
4 Kevin Roy Brendan Woods Stefan Noesen 10 1 2 2
5 vs 5 Defense
Defense Defense Time % Phy DF OF
1 Colten Teubert Derrick Pouliot 40 1 2 2
2 Patrik Nemeth Matt Delahey 30 1 2 2
3 Michael Sdao Morgan Ellis 20 1 2 2
4 Colten Teubert Derrick Pouliot 10 1 2 2
PowerPlay Forward
Center Left Wing Right Wing Time % Phy DF OF
1 Maxime Sauvé Chris Bourque Sebastian Collberg 60 1 2 2
2 Phillip Danault Magnus Paajarvi-Svensson Richard Panik 40 1 2 2
PowerPlay Defense
Defense Defense Time % Phy DF OF
1 Colten Teubert Derrick Pouliot 60 1 2 2
2 Patrik Nemeth Matt Delahey 40 1 2 2
Penalty Kill 4 Players Forward
Center Wing Time % Phy DF OF
1 Chris Bourque Sebastian Collberg 60 1 2 2
2 Maxime Sauvé Richard Panik 40 1 2 2
Penalty Kill 4 Players Defense
Defense Defense Time % Phy DF OF
1 Colten Teubert Derrick Pouliot 60 1 2 2
2 Patrik Nemeth Matt Delahey 40 1 2 2
Penalty Kill - 3 Players Forward
Forward Time % Phy DF OF
1 Chris Bourque 60 1 2 2
2 Phillip Danault 40 1 2 2
Penalty Kill - 3 Players Defense
Defense Defense Time % Phy DF OF
1 Colten Teubert Derrick Pouliot 60 1 2 2
2 Patrik Nemeth Matt Delahey 40 1 2 2
4 vs 4 Forward
Center Wing Time % Phy DF OF
1 Chris Bourque Sebastian Collberg 60 1 2 2
2 Maxime Sauvé Richard Panik 40 1 2 2
4 vs 4 Defense
Defense Defense Time % Phy DF OF
1 Colten Teubert Derrick Pouliot 60 1 2 2
2 Patrik Nemeth Matt Delahey 40 1 2 2
Last Minutes Offensive
Center Left Wing Right Wing Defense Defense
Maxime Sauvé Chris Bourque Magnus Paajarvi-Svensson Colten Teubert Derrick Pouliot
Last Minutes Defensive
Center Left Wing Right Wing Defense Defense
Maxime Sauvé Chris Bourque Phillip Danault Colten Teubert Patrik Nemeth
Goaltenders
Starting : Mike Condon
Backup : Dustin Tokarski
Extra Forwards
Normal : Dave Dziurzynski, Devante Smith-Pelly, Brendan Woods - PP : Dave Dziurzynski, Devante Smith-Pelly - PK : Brendan Woods
Extra Defensemen
Normal : Michael Sdao, Morgan Ellis, Patrik Nemeth - PP : Michael Sdao - PK : Morgan Ellis, Patrik Nemeth
Penalty Shots
Chris Bourque, Magnus Paajarvi-Svensson, Maxime Sauvé, Richard Panik, Sebastian Collberg
Scratches
Jordan Binnington (Healthy)
% Time on Ice - Senators
Lines # - Real PCT - Wanted PCT - Time Play
Normal Forward
1 - 33% - 40% - 13:00
2 - 27% - 30% - 10:49
3 - 26% - 20% - 10:20
4 - 14% - 10% - 5:45
Normal Defense
1 - 42% - 40% - 16:41
2 - 34% - 30% - 13:26
3 - 22% - 20% - 8:48
4 - 2% - 10% - 0:59
PP Forward
1 - 54% - 60% - 5:24
2 - 46% - 40% - 4:31
PP Defense
1 - 65% - 60% - 6:29
2 - 35% - 40% - 3:26
PK Forward
1 - 66% - 60% - 6:33
2 - 34% - 40% - 3:23
PK Defense
1 - 60% - 60% - 5:56
2 - 40% - 40% - 4:00
PK3 Forward
1 - 0% - 60%
2 - 0% - 40%
PK3 Defense
1 - 0% - 60%
2 - 0% - 40%
44 Forward
1 - 0% - 60%
2 - 0% - 40%
44 Defense
1 - 0% - 60%
2 - 0% - 40%
Last Minute Offensive - 0:00
Last Minute Defensive - 0:15
Total
Forward - 60:00
Defense - 60:00
|
% Time on Ice - Gangsters
Lines # - Real PCT - Wanted PCT - Time Play
Normal Forward
1 - 32% - 40% - 12:53
2 - 25% - 30% - 9:50
3 - 27% - 20% - 10:36
4 - 16% - 10% - 6:28
Normal Defense
1 - 41% - 40% - 16:09
2 - 32% - 30% - 12:51
3 - 23% - 20% - 9:17
4 - 4% - 10% - 1:30
PP Forward
1 - 58% - 60% - 5:48
2 - 42% - 40% - 4:08
PP Defense
1 - 57% - 60% - 5:40
2 - 43% - 40% - 4:16
PK Forward
1 - 72% - 60% - 7:07
2 - 28% - 40% - 2:48
PK Defense
1 - 61% - 60% - 6:05
2 - 39% - 40% - 3:50
PK3 Forward
1 - 0% - 60%
2 - 0% - 40%
PK3 Defense
1 - 0% - 60%
2 - 0% - 40%
44 Forward
1 - 0% - 60%
2 - 0% - 40%
44 Defense
1 - 0% - 60%
2 - 0% - 40%
Last Minute Offensive - 0:22
Last Minute Defensive - 0:00
Total
Forward - 60:00
Defense - 60:00
|
Play by Play
1st period
0:01 of 1st period - Maxime Sauvé wins face-off versus Stephane Da Costa in neutral zone.
0:04 of 1st period - Gabriel Landeskog is hit by Colten Teubert and loses puck.
0:25 of 1st period - Gabriel Bourque is hit by Magnus Paajarvi-Svensson and loses puck.
0:39 of 1st period - Off-side.
0:40 of 1st period - Devante Smith-Pelly wins face-off versus Shane Prince in neutral zone.
0:45 of 1st period - Slapshot by Dave Dziurzynski.
0:45 of 1st period - Stopped by Brad Thiessen with a rebound.
0:49 of 1st period - Slapshot by Dave Dziurzynski.
0:49 of 1st period - Stopped by Brad Thiessen with a rebound.
1:05 of 1st period - Brendan Woods is hit by Zemgus Girgensons.
1:09 of 1st period - Zemgus Girgensons is hit by Stefan Noesen and loses puck.
1:36 of 1st period - Slapshot by Richard Panik.
1:36 of 1st period - Stopped by Brad Thiessen without a rebound.
1:37 of 1st period - Tommy Wingels wins face-off versus Maxime Sauvé in Senators zone.
1:59 of 1st period - Icing by Chris Bourque.
2:00 of 1st period - Seth Griffith wins face-off versus Stephane Da Costa in Gangsters zone.
2:35 of 1st period - Wrist shot by Richard Panik.
2:35 of 1st period - Shot Misses the Net.
3:01 of 1st period - Snap shot by Chris Bourque.
3:01 of 1st period - Shot Blocked by Shane Sims.
3:09 of 1st period - Minor Penalty to Matt Frattin for Diving.
3:10 of 1st period - Maxime Sauvé wins face-off versus Stephane Da Costa in Senators zone.
3:39 of 1st period - Slapshot by Richard Panik.
3:39 of 1st period - Stopped by Brad Thiessen with a rebound.
4:05 of 1st period - Snap shot by Chris Thorburn.
4:05 of 1st period - Shot Misses the Net.
5:09 of 1st period - Penalty to Matt Frattin is over, Matt Frattin is back on ice.
5:17 of 1st period - Snap shot by Dave Dziurzynski.
5:17 of 1st period - Shot Misses the Net.
5:31 of 1st period - Snap shot by Stephane Da Costa.
5:31 of 1st period - Goal by Stephane Da Costa - Senators : 1 - Gangsters : 0.
5:32 of 1st period - Tommy Wingels wins face-off versus Phillip Danault in neutral zone.
5:35 of 1st period - Magnus Paajarvi-Svensson is hit by Tommy Wingels and loses puck.
6:26 of 1st period - Slapshot by Matt Delahey.
6:26 of 1st period - Shot Blocked by Dylan Blujus.
6:28 of 1st period - Snap shot by Matt Delahey.
6:28 of 1st period - Shot Blocked by Tomas Jurco.
6:36 of 1st period - Double Minor Penalty to Keegan Lowe for Roughing.
6:37 of 1st period - Chris Bourque wins face-off versus Stephane Da Costa in Senators zone.
7:19 of 1st period - Jeff Petry is hit by Chris Bourque and loses puck.
8:41 of 1st period - Patrick Bordeleau is hit by Dave Dziurzynski and loses puck.
10:36 of 1st period - Penalty to Keegan Lowe is over, Keegan Lowe is back on ice.
11:07 of 1st period - Wrist shot by Tomas Jurco.
11:07 of 1st period - Stopped by Mike Condon without a rebound.
11:08 of 1st period - Tomas Jurco wins face-off versus Kevin Roy in Gangsters zone.
11:15 of 1st period - Snap shot by Tomas Jurco.
11:15 of 1st period - Shot Blocked by Kevin Roy.
11:17 of 1st period - Slapshot by Patrick Wey.
11:17 of 1st period - Deflect By Colten Teubert.
11:17 of 1st period - Stopped by Mike Condon with a rebound.
11:19 of 1st period - Slapshot by Shane Sims.
11:19 of 1st period - Deflect By Tomas Jurco.
11:19 of 1st period - Shot Blocked by Derrick Pouliot.
11:19 of 1st period - Puck is out of play.
11:20 of 1st period - Seth Griffith wins face-off versus Stephane Da Costa in Gangsters zone.
12:09 of 1st period - Gabriel Bourque is hit by Maxime Sauvé and loses puck.
12:18 of 1st period - Gabriel Bourque is hit by Chris Bourque and loses puck.
13:07 of 1st period - Icing by Morgan Ellis.
13:08 of 1st period - Shane Prince wins face-off versus Seth Griffith in Gangsters zone.
13:55 of 1st period - Slapshot by Tomas Jurco.
13:55 of 1st period - Stopped by Mike Condon without a rebound.
13:56 of 1st period - Phillip Danault wins face-off versus Zemgus Girgensons in Gangsters zone.
14:21 of 1st period - Magnus Paajarvi-Svensson is hit by Stephane Da Costa and loses puck.
14:40 of 1st period - Gabriel Bourque is hit by Chris Bourque and loses puck.
15:05 of 1st period - Slapshot by Patrick Bordeleau.
15:05 of 1st period - Shot Misses the Net.
15:13 of 1st period - Snap shot by Patrick Bordeleau.
15:13 of 1st period - Shot Hit the Post.
16:44 of 1st period - Richard Panik is hit by Patrick Wey and loses puck.
17:46 of 1st period - Off-side.
17:47 of 1st period - Tommy Wingels wins face-off versus Kevin Roy in neutral zone.
18:04 of 1st period - Icing by Jeff Petry.
18:05 of 1st period - Maxime Sauvé wins face-off versus Tommy Wingels in Senators zone.
18:16 of 1st period - Slapshot by Gabriel Bourque.
18:16 of 1st period - Shot Misses the Net.
18:18 of 1st period - Slapshot by Nicolas Deslauriers.
18:18 of 1st period - Deflect By Gabriel Bourque.
18:18 of 1st period - Goal by Gabriel Bourque - Senators : 2 - Gangsters : 0.
18:19 of 1st period - Maxime Sauvé wins face-off versus Chris Thorburn in neutral zone.
18:44 of 1st period - Sebastian Collberg is hit by Marc-André Bernier and loses puck.
18:48 of 1st period - Icing by Sebastian Collberg.
18:49 of 1st period - Maxime Sauvé wins face-off versus Shane Prince in Gangsters zone.
19:21 of 1st period - Snap shot by Patrick Bordeleau.
19:21 of 1st period - Shot Misses the Net.
19:23 of 1st period - Slapshot by Marc-André Bernier.
19:23 of 1st period - Stopped by Mike Condon without a rebound.
19:24 of 1st period - Stephane Da Costa wins face-off versus Phillip Danault in Gangsters zone.
19:31 of 1st period - Snap shot by Magnus Paajarvi-Svensson.
19:31 of 1st period - Stopped by Brad Thiessen with a rebound.
19:54 of 1st period - Snap shot by Nicolas Deslauriers.
19:54 of 1st period - Stopped by Mike Condon with a rebound.
Goals for this period are 2 for Senators vs 0 for Gangsters.
Shots for this period are 7 for Senators vs 5 for Gangsters.
2nd period
0:01 of 2nd period - Stephane Da Costa wins face-off versus Chris Bourque in neutral zone.
0:10 of 2nd period - Patrick Wey is hit by Sebastian Collberg and loses puck.
0:25 of 2nd period - Gabriel Landeskog is hit by Derrick Pouliot and loses puck.
0:30 of 2nd period - Wrist shot by Dave Dziurzynski.
0:30 of 2nd period - Shot Misses the Net.
1:18 of 2nd period - Slapshot by Maxime Sauvé.
1:18 of 2nd period - Stopped by Brad Thiessen with a rebound.
1:21 of 2nd period - Icing by Tommy Wingels.
1:22 of 2nd period - Maxime Sauvé wins face-off versus Tommy Wingels in Senators zone.
1:23 of 2nd period - Wrist shot by Chris Bourque.
1:23 of 2nd period - Shot Misses the Net.
1:25 of 2nd period - Wrist shot by Chris Bourque.
1:25 of 2nd period - Stopped by Brad Thiessen with a rebound.
1:27 of 2nd period - Snap shot by Sebastian Collberg.
1:27 of 2nd period - Stopped by Brad Thiessen without a rebound.
1:28 of 2nd period - Maxime Sauvé wins face-off versus Tommy Wingels in Senators zone.
1:29 of 2nd period - Wrist shot by Chris Bourque.
1:29 of 2nd period - Shot Misses the Net.
1:31 of 2nd period - Slapshot by Colten Teubert.
1:31 of 2nd period - Deflect By Chris Bourque.
1:31 of 2nd period - Goal by Chris Bourque - Senators : 2 - Gangsters : 1.
1:32 of 2nd period - Stephane Da Costa wins face-off versus Maxime Sauvé in neutral zone.
1:34 of 2nd period - Off-side.
1:35 of 2nd period - Maxime Sauvé wins face-off versus Stephane Da Costa in neutral zone.
1:39 of 2nd period - Minor Penalty to Chris Thorburn for Holding.
1:40 of 2nd period - Stephane Da Costa wins face-off versus Maxime Sauvé in Senators zone.
2:06 of 2nd period - Derrick Pouliot is hit by Gabriel Bourque.
3:05 of 2nd period - Off-side.
3:06 of 2nd period - Zemgus Girgensons wins face-off versus Phillip Danault in neutral zone.
3:39 of 2nd period - Penalty to Chris Thorburn is over, Chris Thorburn is back on ice.
3:55 of 2nd period - Slapshot by Shane Sims.
3:55 of 2nd period - Shot Misses the Net.
4:15 of 2nd period - Slapshot by Stefan Noesen.
4:15 of 2nd period - Stopped by Brad Thiessen without a rebound.
4:16 of 2nd period - Tommy Wingels wins face-off versus Richard Panik in Senators zone.
4:41 of 2nd period - Chris Thorburn is hit by Chris Bourque and loses puck.
4:48 of 2nd period - Wrist shot by Maxime Sauvé.
4:48 of 2nd period - Shot Blocked by Gabriel Landeskog.
4:50 of 2nd period - Slapshot by Maxime Sauvé.
4:50 of 2nd period - Shot Misses the Net.
4:59 of 2nd period - Off-side.
5:00 of 2nd period - Shane Prince wins face-off versus Seth Griffith in neutral zone.
5:16 of 2nd period - Slapshot by Patrik Nemeth.
5:16 of 2nd period - Shot Blocked by Patrick Wey.
5:36 of 2nd period - Wrist shot by Chris Bourque.
5:36 of 2nd period - Stopped by Brad Thiessen with a rebound.
6:18 of 2nd period - Derrick Pouliot is hit by Nicolas Deslauriers and loses puck.
6:28 of 2nd period - Icing by Richard Panik.
6:29 of 2nd period - Shane Prince wins face-off versus Phillip Danault in Gangsters zone.
6:44 of 2nd period - Snap shot by Chris Thorburn.
6:44 of 2nd period - Stopped by Mike Condon without a rebound.
6:45 of 2nd period - Seth Griffith wins face-off versus Tommy Wingels in Gangsters zone.
6:58 of 2nd period - Snap shot by Gabriel Bourque.
6:58 of 2nd period - Stopped by Mike Condon with a rebound.
7:00 of 2nd period - Wrist shot by Tommy Wingels.
7:00 of 2nd period - Shot Misses the Net.
7:19 of 2nd period - Wrist shot by Chris Bourque.
7:19 of 2nd period - Stopped by Brad Thiessen without a rebound.
7:20 of 2nd period - Tommy Wingels wins face-off versus Phillip Danault in Senators zone.
7:29 of 2nd period - Wrist shot by Magnus Paajarvi-Svensson.
7:29 of 2nd period - Shot Blocked by Tommy Wingels.
7:31 of 2nd period - Wrist shot by Richard Panik.
7:31 of 2nd period - Shot Blocked by Nicolas Deslauriers.
7:33 of 2nd period - Slapshot by Richard Panik.
7:33 of 2nd period - Stopped by Brad Thiessen without a rebound.
7:34 of 2nd period - Maxime Sauvé wins face-off versus Stephane Da Costa in Senators zone.
7:47 of 2nd period - Wrist shot by Chris Bourque.
7:47 of 2nd period - Deflect By Maxime Sauvé.
7:47 of 2nd period - Stopped by Brad Thiessen with a rebound.
8:20 of 2nd period - Snap shot by Dave Dziurzynski.
8:20 of 2nd period - Deflect By Seth Griffith.
8:20 of 2nd period - Shot Blocked by Shane Sims.
8:20 of 2nd period - Puck is out of play.
8:21 of 2nd period - Seth Griffith wins face-off versus Shane Prince in Senators zone.
8:32 of 2nd period - Wrist shot by Seth Griffith.
8:32 of 2nd period - Stopped by Brad Thiessen without a rebound.
8:33 of 2nd period - Stephane Da Costa wins face-off versus Maxime Sauvé in Senators zone.
9:26 of 2nd period - Wrist shot by Kevin Roy.
9:26 of 2nd period - Stopped by Brad Thiessen without a rebound.
9:27 of 2nd period - Maxime Sauvé wins face-off versus Stephane Da Costa in Senators zone.
9:54 of 2nd period - Magnus Paajarvi-Svensson is hit by Tommy Wingels and loses puck.
10:13 of 2nd period - Snap shot by Marc-André Bernier.
10:13 of 2nd period - Deflect By Dave Dziurzynski.
10:13 of 2nd period - Stopped by Mike Condon without a rebound.
10:14 of 2nd period - Shane Prince wins face-off versus Seth Griffith in Gangsters zone.
10:15 of 2nd period - Snap shot by Patrick Bordeleau.
10:15 of 2nd period - Goal by Patrick Bordeleau - Senators : 3 - Gangsters : 1.
10:16 of 2nd period - Stephane Da Costa wins face-off versus Maxime Sauvé in neutral zone.
10:27 of 2nd period - Colten Teubert is hit by Patrick Wey and loses puck.
10:47 of 2nd period - Off-side.
10:48 of 2nd period - Phillip Danault wins face-off versus Tommy Wingels in neutral zone.
10:59 of 2nd period - Snap shot by Gabriel Bourque.
10:59 of 2nd period - Stopped by Mike Condon without a rebound.
11:00 of 2nd period - Stephane Da Costa wins face-off versus Maxime Sauvé in Gangsters zone.
11:01 of 2nd period - Snap shot by Chris Thorburn.
11:01 of 2nd period - Stopped by Mike Condon with a rebound.
11:03 of 2nd period - Slapshot by Shane Sims.
11:03 of 2nd period - Stopped by Mike Condon with a rebound.
11:09 of 2nd period - Slapshot by Gabriel Landeskog.
11:09 of 2nd period - Stopped by Mike Condon with a rebound.
11:11 of 2nd period - Slapshot by Patrick Wey.
11:11 of 2nd period - Stopped by Mike Condon with a rebound.
11:27 of 2nd period - Gabriel Bourque is hit by Phillip Danault and loses puck.
11:57 of 2nd period - Off-side.
11:58 of 2nd period - Stephane Da Costa wins face-off versus Sebastian Collberg in neutral zone.
12:33 of 2nd period - Slapshot by Tommy Wingels.
12:33 of 2nd period - Shot Misses the Net.
13:11 of 2nd period - Slapshot by Brendan Woods.
13:11 of 2nd period - Stopped by Brad Thiessen with a rebound.
13:47 of 2nd period - Michael Sdao is hit by Dylan Blujus and loses puck.
14:13 of 2nd period - Wrist shot by Dave Dziurzynski.
14:13 of 2nd period - Shot Misses the Net.
14:27 of 2nd period - Matt Delahey is hit by Stephane Da Costa and loses puck.
15:00 of 2nd period - Off-side.
15:01 of 2nd period - Phillip Danault wins face-off versus Tommy Wingels in neutral zone.
15:04 of 2nd period - Nicolas Deslauriers is hit by Richard Panik and loses puck.
15:09 of 2nd period - Wrist shot by Magnus Paajarvi-Svensson.
15:09 of 2nd period - Shot Blocked by Gabriel Bourque.
15:11 of 2nd period - Snap shot by Richard Panik.
15:11 of 2nd period - Shot Misses the Net.
15:12 of 2nd period - Minor Penalty to Patrik Nemeth for Holding.
15:13 of 2nd period - Chris Bourque wins face-off versus Stephane Da Costa in Gangsters zone.
15:13 of 2nd period - Chris Bourque is hit by Patrick Wey.
15:27 of 2nd period - Slapshot by Shane Sims.
15:27 of 2nd period - Stopped by Mike Condon without a rebound.
15:28 of 2nd period - Stephane Da Costa wins face-off versus Chris Bourque in Gangsters zone.
15:35 of 2nd period - Wrist shot by Stephane Da Costa.
15:35 of 2nd period - Stopped by Mike Condon without a rebound.
15:36 of 2nd period - Chris Bourque wins face-off versus Stephane Da Costa in Gangsters zone.
15:36 of 2nd period - Chris Bourque is hit by Patrick Wey.
16:48 of 2nd period - Wrist shot by Brendan Woods.
16:48 of 2nd period - Shot Misses the Net.
16:50 of 2nd period - Snap shot by Magnus Paajarvi-Svensson.
16:50 of 2nd period - Shot Blocked by Nicolas Deslauriers.
16:52 of 2nd period - Slapshot by Matt Delahey.
16:52 of 2nd period - Shot Blocked by Nicolas Deslauriers.
16:54 of 2nd period - Snap shot by Matt Delahey.
16:54 of 2nd period - Shot Blocked by Nicolas Deslauriers.
16:56 of 2nd period - Snap shot by Matt Delahey.
16:56 of 2nd period - Stopped by Brad Thiessen without a rebound.
16:57 of 2nd period - Chris Bourque wins face-off versus Tommy Wingels in Senators zone.
17:12 of 2nd period - Penalty to Patrik Nemeth is over, Patrik Nemeth is back on ice.
17:15 of 2nd period - Icing by Jeff Petry.
17:16 of 2nd period - Phillip Danault wins face-off versus Marc-André Bernier in Senators zone.
17:43 of 2nd period - Slapshot by Gabriel Bourque.
17:43 of 2nd period - Stopped by Mike Condon without a rebound.
17:44 of 2nd period - Maxime Sauvé wins face-off versus Tommy Wingels in Gangsters zone.
17:54 of 2nd period - Minor Penalty to Gabriel Bourque for Holding.
17:55 of 2nd period - Maxime Sauvé wins face-off versus Stephane Da Costa in Senators zone.
18:00 of 2nd period - Snap shot by Chris Bourque.
18:00 of 2nd period - Stopped by Brad Thiessen with a rebound.
18:30 of 2nd period - Slapshot by Colten Teubert.
18:30 of 2nd period - Deflect By Jeff Petry.
18:30 of 2nd period - Stopped by Brad Thiessen with a rebound.
18:32 of 2nd period - Snap shot by Phillip Danault.
18:32 of 2nd period - Stopped by Brad Thiessen without a rebound.
18:33 of 2nd period - Chris Thorburn wins face-off versus Phillip Danault in Senators zone.
18:46 of 2nd period - Slapshot by Magnus Paajarvi-Svensson.
18:46 of 2nd period - Stopped by Brad Thiessen without a rebound.
18:47 of 2nd period - Maxime Sauvé wins face-off versus Stephane Da Costa in Senators zone.
18:54 of 2nd period - Snap shot by Maxime Sauvé.
18:54 of 2nd period - Deflect By Chris Bourque.
18:54 of 2nd period - Shot Misses the Net.
18:54 of 2nd period - Puck is out of play.
18:55 of 2nd period - Maxime Sauvé wins face-off versus Stephane Da Costa in Senators zone.
19:06 of 2nd period - Snap shot by Stephane Da Costa.
19:06 of 2nd period - Shot Blocked by Derrick Pouliot.
19:28 of 2nd period - Slapshot by Magnus Paajarvi-Svensson.
19:28 of 2nd period - Shot Misses the Net.
19:30 of 2nd period - Snap shot by Richard Panik.
19:30 of 2nd period - Shot Misses the Net.
19:54 of 2nd period - Penalty to Gabriel Bourque is over, Gabriel Bourque is back on ice.
Goals for this period are 1 for Senators vs 1 for Gangsters.
Shots for this period are 12 for Senators vs 17 for Gangsters.
3rd period
0:01 of 3rd period - Stephane Da Costa wins face-off versus Maxime Sauvé in neutral zone.
0:28 of 3rd period - Icing by Patrick Wey.
0:29 of 3rd period - Stephane Da Costa wins face-off versus Seth Griffith in Senators zone.
0:40 of 3rd period - Snap shot by Dave Dziurzynski.
0:40 of 3rd period - Shot Misses the Net.
0:42 of 3rd period - Slapshot by Matt Delahey.
0:42 of 3rd period - Shot Misses the Net.
0:44 of 3rd period - Slapshot by Matt Delahey.
0:44 of 3rd period - Shot Blocked by Patrick Wey.
2:00 of 3rd period - Wrist shot by Matt Frattin.
2:00 of 3rd period - Shot Misses the Net.
2:02 of 3rd period - Snap shot by Tommy Wingels.
2:02 of 3rd period - Goal by Tommy Wingels - Senators : 4 - Gangsters : 1.
2:03 of 3rd period - Maxime Sauvé wins face-off versus Stephane Da Costa in neutral zone.
2:19 of 3rd period - Wrist shot by Chris Bourque.
2:19 of 3rd period - Goal by Chris Bourque - Senators : 4 - Gangsters : 2.
2:20 of 3rd period - Stephane Da Costa wins face-off versus Maxime Sauvé in neutral zone.
2:28 of 3rd period - Slapshot by Shane Sims.
2:28 of 3rd period - Stopped by Mike Condon without a rebound.
2:29 of 3rd period - Sebastian Collberg wins face-off versus Stephane Da Costa in Gangsters zone.
2:31 of 3rd period - Minor Penalty to Maxime Sauvé for Holding.
2:32 of 3rd period - Chris Bourque wins face-off versus Stephane Da Costa in Gangsters zone.
2:47 of 3rd period - Snap shot by Chris Bourque.
2:47 of 3rd period - Stopped by Brad Thiessen with a rebound.
3:30 of 3rd period - Icing by Stephane Da Costa.
3:31 of 3rd period - Tommy Wingels wins face-off versus Brendan Woods in Senators zone.
4:31 of 3rd period - Penalty to Maxime Sauvé is over, Maxime Sauvé is back on ice.
4:40 of 3rd period - Slapshot by Dave Dziurzynski.
4:40 of 3rd period - Stopped by Brad Thiessen without a rebound.
4:41 of 3rd period - Seth Griffith wins face-off versus Shane Prince in Senators zone.
4:44 of 3rd period - Slapshot by Devante Smith-Pelly.
4:44 of 3rd period - Shot Misses the Net.
4:54 of 3rd period - Snap shot by Patrick Bordeleau.
4:54 of 3rd period - Stopped by Mike Condon with a rebound.
5:05 of 3rd period - Patrick Bordeleau is hit by Devante Smith-Pelly.
5:12 of 3rd period - Nicolas Deslauriers is hit by Morgan Ellis and loses puck.
5:31 of 3rd period - Snap shot by Patrick Bordeleau.
5:31 of 3rd period - Stopped by Mike Condon with a rebound.
5:33 of 3rd period - Snap shot by Shane Prince.
5:33 of 3rd period - Shot Blocked by Devante Smith-Pelly.
5:35 of 3rd period - Wrist shot by Shane Prince.
5:35 of 3rd period - Shot Blocked by Morgan Ellis.
5:50 of 3rd period - Minor Penalty to Seth Griffith for Roughing.
5:51 of 3rd period - Chris Bourque wins face-off versus Stephane Da Costa in Gangsters zone.
6:03 of 3rd period - Snap shot by Gabriel Landeskog.
6:03 of 3rd period - Stopped by Mike Condon without a rebound.
6:04 of 3rd period - Chris Bourque wins face-off versus Stephane Da Costa in Gangsters zone.
6:19 of 3rd period - Slapshot by Colten Teubert.
6:19 of 3rd period - Shot Blocked by Stephane Da Costa.
6:29 of 3rd period - Chris Bourque is hit by Patrick Wey and loses puck.
7:50 of 3rd period - Penalty to Seth Griffith is over, Seth Griffith is back on ice.
8:05 of 3rd period - Nicolas Deslauriers is hit by Seth Griffith and loses puck.
8:18 of 3rd period - Brendan Woods is hit by Tomas Jurco and loses puck.
8:37 of 3rd period - Richard Panik is hit by Keegan Lowe and loses puck.
9:05 of 3rd period - Wrist shot by Devante Smith-Pelly.
9:05 of 3rd period - Shot Blocked by Matt Frattin.
9:41 of 3rd period - Phillip Danault is hit by Patrick Bordeleau and loses puck.
10:02 of 3rd period - Wrist shot by Zemgus Girgensons.
10:02 of 3rd period - Shot Blocked by Chris Bourque.
10:16 of 3rd period - Devante Smith-Pelly is hit by Stephane Da Costa and loses puck.
11:47 of 3rd period - Slapshot by Gabriel Bourque.
11:47 of 3rd period - Stopped by Mike Condon with a rebound.
11:49 of 3rd period - Wrist shot by Tommy Wingels.
11:49 of 3rd period - Stopped by Mike Condon without a rebound.
11:50 of 3rd period - Magnus Paajarvi-Svensson wins face-off versus Gabriel Landeskog in Gangsters zone.
11:52 of 3rd period - Minor Penalty to Richard Panik for Charging.
11:53 of 3rd period - Stephane Da Costa wins face-off versus Chris Bourque in Gangsters zone.
12:09 of 3rd period - Wrist shot by Chris Bourque.
12:09 of 3rd period - Shot Misses the Net.
13:52 of 3rd period - Penalty to Richard Panik is over, Richard Panik is back on ice.
13:53 of 3rd period - Slapshot by Colten Teubert.
13:53 of 3rd period - Stopped by Brad Thiessen with a rebound.
14:43 of 3rd period - Slapshot by Devante Smith-Pelly.
14:43 of 3rd period - Shot Misses the Net.
14:45 of 3rd period - Slapshot by Devante Smith-Pelly.
14:45 of 3rd period - Goal by Devante Smith-Pelly - Senators : 4 - Gangsters : 3.
14:46 of 3rd period - Seth Griffith wins face-off versus Stephane Da Costa in neutral zone.
14:55 of 3rd period - Snap shot by Devante Smith-Pelly.
14:55 of 3rd period - Shot Misses the Net.
15:11 of 3rd period - Shane Sims is hit by Phillip Danault.
15:44 of 3rd period - Icing by Brendan Woods.
15:45 of 3rd period - Stephane Da Costa wins face-off versus Brendan Woods in Gangsters zone.
16:06 of 3rd period - Backhand shot by Brendan Woods.
16:06 of 3rd period - Shot Misses the Net.
16:08 of 3rd period - Wrist shot by Kevin Roy.
16:08 of 3rd period - Shot Misses the Net.
16:28 of 3rd period - Colten Teubert is hit by Shane Sims and loses puck.
16:39 of 3rd period - Backhand shot by Brendan Woods.
16:39 of 3rd period - Stopped by Brad Thiessen with a rebound.
16:41 of 3rd period - Snap shot by Colten Teubert.
16:41 of 3rd period - Stopped by Brad Thiessen without a rebound.
16:42 of 3rd period - Shane Prince wins face-off versus Maxime Sauvé in Senators zone.
17:09 of 3rd period - Minor Penalty to Matt Delahey for Hooking.
17:10 of 3rd period - Tommy Wingels wins face-off versus Chris Bourque in Gangsters zone.
17:13 of 3rd period - Wrist shot by Matt Frattin.
17:13 of 3rd period - Shot Blocked by Chris Bourque.
17:15 of 3rd period - Snap shot by Gabriel Bourque.
17:15 of 3rd period - Stopped by Mike Condon with a rebound.
17:17 of 3rd period - Backhand shot by Shane Sims.
17:17 of 3rd period - Deflect By Gabriel Bourque.
17:17 of 3rd period - Shot Misses the Net.
17:17 of 3rd period - Puck is out of play.
17:18 of 3rd period - Chris Bourque wins face-off versus Tommy Wingels in Gangsters zone.
17:29 of 3rd period - Wrist shot by Tommy Wingels.
17:29 of 3rd period - Stopped by Mike Condon with a rebound.
17:31 of 3rd period - Slapshot by Gabriel Bourque.
17:31 of 3rd period - Stopped by Mike Condon with a rebound.
17:33 of 3rd period - Slapshot by Tommy Wingels.
17:33 of 3rd period - Deflect By Matt Frattin.
17:33 of 3rd period - Stopped by Mike Condon with a rebound.
18:23 of 3rd period - Richard Panik is hit by Jeff Petry and loses puck.
18:51 of 3rd period - Tommy Wingels is hit by Derrick Pouliot and loses puck.
19:09 of 3rd period - Penalty to Matt Delahey is over, Matt Delahey is back on ice.
19:26 of 3rd period - Gangsters, Mike Condon is pulled from the net.
19:32 of 3rd period - Snap shot by Patrick Bordeleau.
19:32 of 3rd period - Goal by Patrick Bordeleau - Senators : 5 - Gangsters : 3.
19:32 of 3rd period - Mike Condon from Gangsters was sent back in the game.
19:33 of 3rd period - Patrick Bordeleau wins face-off versus Seth Griffith in neutral zone.
19:48 of 3rd period - Wrist shot by Marc-André Bernier.
19:48 of 3rd period - Deflect By Patrick Bordeleau.
19:48 of 3rd period - Stopped by Mike Condon without a rebound.
19:49 of 3rd period - Kevin Roy wins face-off versus Zemgus Girgensons in Gangsters zone.
19:58 of 3rd period - Snap shot by Brendan Woods.
19:58 of 3rd period - Stopped by Brad Thiessen with a rebound.
Goals for this period are 2 for Senators vs 2 for Gangsters.
Shots for this period are 13 for Senators vs 8 for Gangsters.
Back to the Top